 Dungeon Crawl Stone Soup version 0.31-a0-516-gfcb59812bd (webtiles) character file.

Game seed: 11702487716427413066

2 GordonOverkill the Sneak (level 1, -3/11 HPs)
             Began as a Vine Stalker Delver on Aug 10, 2023.
             Killed from afar by a white imp (7 damage)
             ... with a puff of frost
             ... on level 6 of the Dungeon.
             The game lasted 00:00:57 (144 turns).

GordonOverkill the Sneak (Vine Stalker Delver)       Turns: 144, Time: 00:00:57

Health: -3/11      AC:  3    Str: 14    XL:     1   Next: 30%
Magic:  0/2        EV: 11    Int: 10    God:
Gold:   20         SH:  0    Dex: 15    Spells: 0/0 levels left

rFire   . .          .
                       - Unarmed
rCold   . . .        (no shield)
rNeg    . . .        a - +0 leather armour
rPois   .            (no helmet)
rElec   .            (no cloak)
rCorr   .            (no gloves)
SInv    .            (no boots)
Will    .....        (no amulet)
Stlth   +++          (no ring)
HPRegen 0.21/turn    (no ring)
MPRegen 0.08/turn

%: guardian spirit
@: hasted, very quick
A: fangs 2, magic shield, antimagic bite, no potion heal 2
a: no special abilities


You were on level 6 of the Dungeon.
You visited 1 branch of the dungeon, and saw 2 of its levels.

You collected 20 gold pieces.

Inventory:

Armour
 a - a +0 leather armour (worn)
Wands
 f - a wand of digging (2)
Scrolls
 b - a scroll of fog
 d - a scroll of fear


   Skills:
 - Level 2.6 Fighting
 - Level 1.5 Dodging
 - Level 6.0 Stealth
 + Level 2.2 Unarmed Combat


You couldn't memorise any spells.
You didn't know any spells.
Your spell library was empty.

Dungeon Overview and Level Annotations

Branches:
Dungeon (6/15)
 Temple: D:4-7

Altars:


Innate Abilities, Weirdness & Mutations

You have extremely sharp teeth.
When hurt, damage is shared between your health and your magic reserves.
Your bite disrupts and absorbs the magic of your enemies.
Potions cannot restore your health.


Message History

You kill the orc!
No target in view!
You now have 20 gold pieces (gained 16).
Things that are here:
a +0 short sword; a +0 leather armour You start resting.
HP restored.
You start resting.
Magic restored.
You hear the slow hiss of an avalanche of sand nearby.
A white imp comes into view.
The white imp shouts, "Decamp, thou fobbing saucy surfacer!"
You start waiting.
A white imp is nearby!
You hit the white imp but do no damage.
You punch the white imp, but do no damage.
You bite the white imp, but do no damage.
The white imp closely misses you.
You hit the white imp.
The white imp is heavily wounded.
The white imp gestures at you. The puff of frost hits you!
Ouch! That really hurt!
* * * LOW HITPOINT WARNING * * *
You are too injured to fight recklessly!
You are too injured to fight recklessly!
You are too injured to fight recklessly!
You are too injured to fight recklessly!
You feel yourself speed up.
The white imp hits you but does no damage.
You hit the white imp.
The white imp is almost dead.
The white imp closely misses you.
You barely miss the white imp.
You bite the white imp, but do no damage.
The white imp is almost dead.
The white imp gestures at you. The puff of frost hits you!
Ouch! That really hurt!
You die...

,,,,,,* *,,** ## ##.#####........
,,,,,** *#..* #.##..#####........
,,,,** **#..#* #....######.......
,,,** **,*...* ##...#####....<...
,,** **,,,#..* #...#####..#......
*** *,,,,#..###.)..####.####....
* **,,,,#...#....#.##..######..
** *,,,,**#..#5..###.#.########.
,****,,,,* #...#@## ##..##.######
,,,******* #...### #..##....####
**,,,*** ##...# *#.##.....####
***,,,,*** #...#**#.........,***
,****,,,,***#....##..........,,,,
,,****,,,,,,##5....##........****
*,,* *,,,,,,,.....##.....S...*
,,** **,,,,,,...###*.........*
,** *,,,,,,....* *.........*


You could see a white imp.

Vanquished Creatures
  An orc (D:6)
1 creature vanquished.

Notes
Turn   | Place    | Note
-------+----------+-------------------------------------------
     0 | D:5      | GordonOverkill the Vine Stalker Delver began the quest for
                  | the Orb.
     0 | D:5      | Reached XP level 1. HP: 11/11 MP: 2/2
    87 | D:6      | Noticed a water moccasin
   144 | D:6      | Killed from afar by a white imp

Illustrated notes

Levels and vault maps discovered:
D:5:      layout_loops_cross, gammafunk_temple_overflow_elements,
          minmay_temple_entry_glassed_door, corexii_corridor_pit, uniq_ijyb,
          uniq_menkaure, uniq_crazy_yiuf_cottage
D:6:      layout_cave_pods, nicolae_ossuary_entry_giza

Action                     || total
---------------------------++-------
  Melee: Unarmed           ||     9
         Bite              ||     3
         Punch             ||     1
  Evoke: Wand              ||     1
    Use: Scroll            ||     1
         Potion            ||     1
 Armour: Leather armour    ||     1
  Dodge: Dodged            ||     5

Table legend: (Time is in decaauts)
 A = Elapsed time spent in this place.
 B = Non-inter-level travel time spent in this place.
 C = Inter-level travel time spent in this place.
 D = Time resting spent in this place.
 E = Time spent auto-exploring this place.
 F = Levels seen in this place.
 G = Mean time per level.
                   A        B        C        D        E       F      G
               +--------+--------+--------+--------+--------+-----+--------+
         Total |    143 |    143 |      0 |     13 |      0 |   2 |   71.5 |
       Dungeon |    143 |    143 |      0 |     13 |      0 |   2 |   71.5 |
               +--------+--------+--------+--------+--------+-----+--------+

Top non-repeatable levels by time:
     D:5: 76 daAuts
     D:6: 67 daAuts
